 Dungeon Crawl Stone Soup version 0.29.1-1-gd02db6906a (webtiles) character file.

Game seed: 13491715977549370297

9935 H0rd4k the Slicer (level 11, -1/74 HPs)
             Began as an Octopode Transmuter on Oct 18, 2022.
             Slain by an orc knight
             ... wielding a +0 long sword
              (13 damage)
             ... on level 10 of the Dungeon.
             The game lasted 00:20:52 (14098 turns).

H0rd4k the Slicer (Octopode Transmuter)            Turns: 14098, Time: 00:20:53

Health: -1/74      AC:  5    Str:  9    XL:     11   Next: 54%
Magic:  0/21       EV: 19    Int: 27    God:
Gold:   702        SH:  0    Dex: 12    Spells: 18/23 levels left

rFire   x . .      SeeInvis .   o - +4 rapier (venom)
rCold   + . .      Faith    .   (no shield)
rNeg    . . .      Spirit   +   (helmet restricted)
rPois   +          Reflect  .   r - amulet of guardian spirit
rElec   .          Harm     .   k - +4 ring of protection
rCorr   .          Rampage  .   m - +6 ring of intelligence
Will    .....                   v - ring of ice
Stlth   +++++.....              h - ring of poison resistance
HPRegen 0.22/turn               j - +4 ring of evasion
MPRegen 0.17/turn               (no ring)
                                (no ring)
                                (no ring)

@: no status effects
A: almost no armour, amphibious, 8 rings, camouflage 1, gelatinous body 1,
(nimble swimmer 1), tentacles
a: no special abilities


You were on level 10 of the Dungeon.
You visited 2 branches of the dungeon, and saw 11 of its levels.
You also visited: Ossuary and Bailey.

You collected 702 gold pieces.

Inventory:

Hand Weapons
 o - a +4 rapier of venom (weapon)
 w - a +4 dagger of protection
 A - a +5 falchion of freezing
Missiles
 x - 7 poisoned darts (quivered)
 H - 6 curare-tipped darts
Jewellery
 h - a ring of poison resistance (on tentacle)
 j - a +4 ring of evasion (on tentacle)
 k - a +4 ring of protection (left tentacle)
 m - a +6 ring of intelligence (right tentacle)
 r - an amulet of guardian spirit (around mantle)
 v - a ring of ice (on tentacle)
 G - a +6 ring of intelligence
Wands
 K - a wand of paralysis (1)
Scrolls
 b - 2 scrolls of noise
 c - 10 scrolls of identify
 f - 11 scrolls of magic mapping
 l - 8 scrolls of teleportation
 n - a scroll of immolation {unknown}
 q - 4 scrolls of blinking
 s - a scroll of vulnerability {unknown}
 t - 7 scrolls of butterflies
 y - 2 scrolls of enchant armour {unknown}
 z - a scroll of amnesia {unknown}
 C - 3 scrolls of summoning {unknown}
 F - a scroll of poison
 I - a scroll of enchant weapon
Potions
 a - 2 potions of lignification
 d - a potion of invisibility {unknown}
 e - 6 potions of curing
 g - 6 potions of heal wounds {unknown}
 i - 2 potions of flight
 p - 6 potions of mutation
 u - 2 potions of magic
 B - 3 potions of might {unknown}
 D - 2 potions of resistance {unknown}
 E - a potion of experience
 J - a potion of attraction {unknown}


   Skills:
 + Level 6.4 Fighting
 + Level 10.4 Short Blades
 + Level 2.4 Throwing
 + Level 6.6 Dodging
 + Level 9.0 Stealth
 + Level 4.6 Unarmed Combat
 * Level 6.9 Spellcasting
 + Level 2.2 Transmutations
 + Level 2.7 Ice Magic
 + Level 2.4 Evocations


You had 18 spell levels left.
You knew the following spells:

 Your Spells              Type           Power      Damage    Failure   Level
a - Beastly Appendage     Tmut           42%        N/A       2%          1
b - Ice Form              Ice/Tmut       34%        N/A       22%         4

Your spell library contained the following spells:

 Spells                   Type           Power      Damage    Failure   Level
 Wereblood                Tmut           21%        N/A       3%          2
 Ensorcelled Hibernation  Hex/Ice        50%        N/A       4%          2
 Passwall                 Tmut/Erth      12%        N/A       5%          2
 Ozocubu's Armour         Ice            36%        N/A       6%          3
 Poisonous Vapours        Pois/Air       18%        N/A       9%          2
 Spider Form              Tmut/Pois      15%        N/A       11%         3
 Gell's Gravitas          Tloc           9%         N/A       19%         3
 Swiftness                Air            9%         N/A       19%         3
 Teleport Other           Tloc           9%         N/A       19%         3
 Summon Ice Beast         Ice/Summ       25%        N/A       32%         4
 Corpse Rot               Necr/Pois/Air  9%         N/A       52%         4
 Metabolic Englaciation   Hex/Ice        12%        N/A       67%         5
 Summon Mana Viper        Hex/Summ       9%         N/A       86%         5
 Simulacrum               Ice/Necr       12%        N/A       99%         6
 Dispersal                Tloc           4%         N/A       100%        6
 Monstrous Menagerie      Summ           4%         N/A       100%        7


Dungeon Overview and Level Annotations

Branches:
Dungeon (10/15)            Temple (1/1) D:6            Lair (0/5) D:8
Ossuary (visited)          Bailey (visited)
    Orc: D:9-12

Altars:
Ashenzari
Cheibriados
Dithmenos
Elyvilon
Fedhas
Hepliaklqana
Kikubaaqudgha
Makhleb
Okawaru
Qazlal
Ru
Trog
Uskayaw
Vehumet
Wu Jian
Xom
Yredelemnul
Zin

Annotations:
D:8 2 transporters, exclusions: hornet and upstairs
D:9 2 transporters, exclusion: hornet, Gastronok; kelmiir's ghost, novice GnTm
D:10 1 exclusion


Innate Abilities, Weirdness & Mutations

You cannot wear most types of armour.
You are amphibious.
You can wear up to eight rings at the same time.
Your skin changes colour to match your surroundings (Stealth+).
Your rubbery body absorbs attacks. (AC +1, EV +1)
((You are camouflaged when in or above water. (Stealth+)))
You have tentacles for arms and can constrict up to eight enemies at once.


Message History

You constrict the howler monkey, but do no damage.
The howler monkey closely misses you.
A deep elf pyromancer comes into view. It is wielding a +0 rapier.
You release your grip on the howler monkey.
The howler monkey hoots and howls with incredible vigour!
The deep elf pyromancer mumbles some strange words.
You hear an angry hiss.
You hit the orc knight.
The orc knight is poisoned.
You grab the orc knight.
The orc knight is lightly wounded.
You constrict the orc knight, but do no damage.
The orc knight misses you.
You release your grip on the orc knight.
The orc knight hits you with a +0 long sword!
The deep elf pyromancer mumbles some strange words.
The deep elf pyromancer blinks!
You feel a bit more experienced.
You completely miss the orc knight. You grab the orc knight.
You squeeze the orc knight.
The orc knight is lightly wounded.
You constrict the orc knight, but do no damage.
You release your grip on the orc knight.
The orc knight attacks as you move away!
The orc knight hits you with a +0 long sword!!
The orc knight attacks as you move away!
The orc knight hits you with a +0 long sword!!
The orc knight attacks as you move away!
The orc knight hits you with a +0 long sword!!
* * * LOW HITPOINT WARNING * * *
Aiming: Paralyse
Press: ? - help, Shift-Dir - straight line, f - orc knight
Aim: an orc knight, wielding a +0 long sword and wearing a +0 chain mail (lightly wounded, poisoned, chance to affect: 37%)
The orc knight resists with some effort.
The orc knight closely misses you.
Unknown command.
Aiming: Paralyse
Press: ? - help, Shift-Dir - straight line, f/p - orc knight
Aim: an orc knight, wielding a +0 long sword and wearing a +0 chain mail (lightly wounded, poisoned, chance to affect: 37%)
The orc knight resists with some effort.
The orc knight hits you with a +0 long sword!!
You die...

......)).)...........#
#####.###)#.#######..#
#.#.##..# #..#
#...#.#.# #..#
#.#####.'.#$+ #..#
#....##.#.###c#..#
#..#e.§.#P..oP#..#
#+###.#.#○#.#######..#
......#.#.#.e.Eo@..†.#
#.####)†##.##..#.##..#
##...##.#.#.#.###.#..#
....#####.#.#####....#
.#.#.#.))#.#.###..#..#
#.####..#)#..#..#.#..#
.......#.#)..##..#...#
#####.#.#.....#..#...#
#.#.#.#..#.#.#...#


You could see an orc knight (poisoned), a deep elf pyromancer and a fire
elemental (summoned).

Vanquished Creatures
  An orc warlord (Bailey)
  Pikel (D:4)
  Joseph (D:7)
  A kobold demonologist (D:10)
  Maggie (D:6)
  A komodo dragon (D:7)
  2 trolls (D:10)
  2 hornets (D:10)
  Prince Ribbit (D:9)
  A shadow (D:10)
  11 yaks
  6 vampire mosquitoes
  2 acid dragons
  9 orc warriors
  An ogre (D:7)
  A centaur (D:6)
  5 bullfrogs
  An elf zombie (Ossuary)
  An elf skeleton (D:5)
  A scorpion (D:5)
  12 wights
  6 killer bees (D:9)
  5 howler monkeys (D:10)
  3 human zombies
  A centaur zombie (Ossuary)
  3 hounds
  Crazy Yiuf (D:7)
  2 gnoll boudas
  Jessica (D:3)
  A human skeleton (D:5)
  4 iguanas
  12 orc wizards
  2 mummies (Ossuary)
  18 gnolls
  8 adders
  A shadow imp (D:7)
  2 white imps
  An ufetubus (D:6)
  2 adder zombies (Ossuary)
  3 worms
  27 orcs
  6 ball pythons
  9 endoplasms
  A giant cockroach (D:4)
  11 goblins
  11 hobgoblins
  13 jackals
  20 kobolds
  A quokka (D:1)
  11 bats
  4 frilled lizards
  3 goblin zombies (Ossuary)
  8 hobgoblin zombies (Ossuary)
  9 kobold zombies (Ossuary)
  2 orc skeletons (D:5)
  11 orc zombies (Ossuary)
  6 rats
  A rat zombie (Ossuary)
292 creatures vanquished.

Vanquished Creatures (others)
  10 plants
10 creatures vanquished.

Grand Total: 302 creatures vanquished

Notes
Turn   | Place    | Note
-------+----------+-------------------------------------------
     0 | D:1      | H0rd4k the Octopode Transmuter began the quest for the Orb.
     0 | D:1      | Reached XP level 1. HP: 13/13 MP: 3/3
   239 | D:1      | Reached XP level 2. HP: 7/18 MP: 5/5
  1061 | D:1      | Reached XP level 3. HP: 22/23 MP: 6/6
  1215 | D:1      | Found a faded altar of an unknown god.
  1884 | D:2      | Reached XP level 4. HP: 24/28 MP: 7/7
  2811 | D:3      | Noticed Jessica
  2816 | D:3      | Killed Jessica
  2817 | D:3      | Reached skill level 1 in Short Blades
  2817 | D:3      | Reached skill level 1 in Stealth
  2817 | D:3      | Reached XP level 5. HP: 31/33 MP: 8/8
  2859 | D:3      | Found an ancient bone altar of Kikubaaqudgha.
  3046 | D:3      | Reached skill level 2 in Short Blades
  4004 | D:4      | Noticed a lemure
  4004 | D:4      | Noticed a lemure
  4100 | D:4      | Noticed Pikel
  4100 | D:4      | Noticed a lemure
  4110 | D:4      | Killed Pikel
  4111 | D:4      | Reached skill level 4 in Short Blades
  4111 | D:4      | Reached XP level 6. HP: 5/41 MP: 1/9
  4111 | D:4      | Reached XP level 7. HP: 6/45 MP: 1/10
  4729 | D:4      | Reached skill level 5 in Short Blades
  4828 | D:4      | Learned a level 4 spell: Ice Form
  4867 | D:5      | Entered Level 5 of the Dungeon
  4892 | D:5      | Reached XP level 8. HP: 30/51 MP: 8/11
  4936 | D:5      | Reached skill level 1 in Ice Magic
  5058 | D:5      | Reached skill level 5 in Stealth
  5063 | D:5      | Found a sand-covered staircase.
  5077 | Ossuary  | Entered an ossuary
  5647 | D:5      | Found a bloodstained altar of Trog.
  5692 | D:5      | Found a hide-covered altar of Uskayaw.
  5990 | D:5      | Identified the +0 scale mail of Jocular Happiness {Dex+5
                  | Stlth+}
  6042 | D:6      | Found a staircase to the Ecumenical Temple.
  6053 | D:6      | Reached skill level 6 in Short Blades
  6059 | Temple   | Entered the Ecumenical Temple
  6564 | D:6      | Noticed Maggie
  7096 | D:7      | Noticed a yak
  7099 | D:7      | Noticed a yak
  7102 | D:7      | Noticed a yak
  7110 | D:7      | Killed a yak
  7111 | D:7      | Reached XP level 9. HP: 57/57 MP: 14/14
  7128 | D:7      | Reached skill level 7 in Short Blades
  7437 | D:7      | Noticed Joseph
  7487 | D:8      | Identified the +0 ring mail "Canenull" {rN+ Int+5}
  7512 | D:8      | Found a transporter.
  7512 | D:8      | Noticed a fire dragon
  7512 | D:8      | Noticed an eight-headed hydra
  7517 | D:8      | Noticed a cyclops
  7519 | D:8      | Found a transporter.
  7553 | D:8      | Noticed a hornet
  7650 | D:8      | Reached skill level 1 in Throwing
  7664 | D:8      | Reached skill level 8 in Short Blades
  7675 | D:8      | Found a flagged portal.
  7705 | Bailey   | Entered a bailey
  7906 | Bailey   | Noticed an orc warlord
  8015 | Bailey   | Reached skill level 5 in Dodging
  8015 | Bailey   | Reached XP level 10. HP: 34/65 MP: 10/17
  8317 | Bailey   | Found a runed translucent gate.
  8317 | Bailey   | Found a runed translucent gate.
  8317 | Bailey   | Found a runed translucent gate.
  8532 | Bailey   | Killed an orc warlord
  8533 | Bailey   | Reached skill level 5 in Fighting
  8533 | Bailey   | Reached skill level 5 in Spellcasting
  8533 | Bailey   | Reached skill level 1 in Evocations
  8961 | D:8      | Reached skill level 9 in Short Blades
  9355 | D:8      | Found a staircase to the Lair.
 10297 | D:7      | Identified the +8 spear of the Revolution {vorpal, Str+5}
 10524 | D:7      | Found a runed translucent door.
 10525 | D:7      | Noticed Crazy Yiuf
 10845 | D:7      | Killed Joseph
 10846 | D:7      | Reached XP level 11. HP: 62/72 MP: 15/20
 11152 | D:6      | Killed Maggie
 11222 | D:7      | Killed Crazy Yiuf
 11334 | D:9      | Noticed Prince Ribbit
 11342 | D:9      | Killed Prince Ribbit
 11343 | D:9      | Reached skill level 10 in Short Blades
 11542 | D:9      | Noticed kelmiir's ghost (novice GnTm)
 11937 | D:9      | Noticed Gastronok
 12405 | D:9      | Found a transporter.
 12680 | D:9      | Found a transporter.
 12921 | D:10     | Entered Level 10 of the Dungeon
 13803 | D:10     | Found a stormy altar of Qazlal.
 13804 | D:10     | Found an iron altar of Okawaru.
 13913 | D:10     | Noticed a centaur warrior
 13913 | D:10     | Noticed an orc knight
 14086 | D:10     | Noticed a deep elf pyromancer
 14098 | D:10     | Slain by an orc knight

Illustrated notes

Levels and vault maps discovered:
D:1:      minmay_arrival_doors, layout_basic,
          hellmonk_ecumenical_altar_lost_god, dreamdust_mushroom_princess
D:2:      layout_loops_ring, st_stairs_6
D:3:      layout_rooms, mainiacjoe_overflow_24_doors, serial_forest,
          infiniplex_forest_clump_small, infiniplex_forest_clump_cross,
          infiniplex_forest_lined_corner, infiniplex_forest_end_2, uniq_jessica
D:4:      layout_loops_ring, uniq_pikel
D:5:      layout_loops_ring, nicolae_uskayaw_dance_hall,
          mainiacjoe_overflow_paths, nicolae_ossuary_entry_catacombs
D:6:      layout_loops_ring, minmay_temple_entry_hall, uniq_maggie
D:7:      layout_basic, uniq_joseph, uniq_crazy_yiuf_cottage
D:8:      gammafunk_sealed_arena, layout_basic, enter_bailey_7
D:9:      layout_long_grid, gammafunk_ghost_hive, minmay_misc_feat_roman,
          chequers_serial_rivers_room_a, uniq_prince_ribbit1, uniq_gastronok
D:10:     layout_cave_pools, nicolae_overflow_hidden_temple,
          nemelex_xobeh_ov_fountains_minmay, minmay_shattered_shrine
Temple:   nicolae_temple_god_jail

Skill      XL: |  1  2  3  4  5  6  7  8  9 10 11 |
---------------+----------------------------------+-----
Unarmed Combat | 4 |  4.6
Short Blades   | 1 4 5 6 8 9 10 | 10.4
Stealth        | 1 3 4 5 7 9 |  9.0
Dodging        | 3 4 5 6 |  6.6
Fighting       | 2 3 4 5 6 |  6.4
Ice Magic      | 2 |  2.7
Spellcasting   | 3 4 6 |  6.9
Throwing       | 1 2 |  2.4
Evocations     | 2 |  2.4
Transmutations | |  2.2

Action                   |  1- 3 |  4- 6 |  7- 9 | 10-12 || total
-------------------------+-------+-------+-------+-------++-------
Melee: Unarmed           |   115 |       |       |       ||   115
       Constrict         |    25 |    24 |    68 |    52 ||   169
       Tentacles         |    21 |    14 |    79 |    87 ||   201
       Punch             |     5 |     2 |     9 |    20 ||    36
       Kick              |    10 |     3 |     2 |       ||    15
       Rapier            |       |    92 |   318 |   309 ||   719
       Dagger            |       |       |       |    48 ||    48
Throw: Dart              |       |       |     5 |    13 ||    18
 Cast: Beastly Appendage |     4 |     2 |     1 |       ||     7
Evoke: Wand              |       |       |     2 |    12 ||    14
  Use: Scroll            |       |       |    11 |       ||    11
       Potion            |       |       |     4 |       ||     4
 Stab: Sleeping          |     3 |     5 |    12 |    15 ||    35
       Distracted        |       |     1 |     1 |     1 ||     3
Armor: Skin              |    17 |    21 |    43 |    32 ||   113
Dodge: Dodged            |    69 |    66 |   195 |   252 ||   582
